 Dungeon Sprint DCSS version 0.24-a0-535-gbb0d440 (webtiles) character file.

Game seed: 4270050514469947542

110 silentkaos13 the Prestidigitator (level 5, -4/30 HPs)
             Began as a Kobold Artificer on Aug 10, 2019.
             Slain by an ogre
             ... wielding a +0 giant club
              (17 damage)
             ... in the Dungeon (Sprint I: "Red Sonja").
             The game lasted 00:00:55 (298 turns).

silentkaos13 the Prestidigitator (Kobold Artificer)  Turns: 298, Time: 00:00:56

Health: -4/30      AC:  3    Str: 10    XL:     5   Next: 14%
Magic:  8/12       EV: 17    Int: 13    God:
Gold:   0          SH:  0    Dex: 15    Spells: 4/4 levels left

rFire    . . .     SeeInvis .   a - +0 short sword
rCold    . . .     Gourm    .   (shield restricted)
rNeg     . . .     Faith    .   b - +0 leather armour
rPois    .         Spirit   .   (no helmet)
rElec    .         Reflect  .   (no cloak)
rCorr    .         Harm     .   (no gloves)
MR       .....     NoTele   +   (no boots)
Stlth    ++........             (no amulet)
HPRegen  0.10/turn              (no ring)
MPRegen  0.13/turn              (no ring)

@: no status effects
A: small, carnivore
a: no special abilities


You were in the Dungeon.
You were not hungry.

You visited 1 branch

Inventory:

Hand Weapons
 a - a +0 short sword (weapon)
Armour
 b - a +0 leather armour (worn)
Wands
 c - a wand of flame (8)
 d - a wand of enslavement (13)
 e - a wand of random effects (15)
Scrolls
 l - a scroll of blinking
Potions
 g - a potion of curing
 h - a potion of heal wounds
 i - a potion of haste
 j - 2 potions of magic
 k - a potion of berserk rage
Comestibles
 f - a ration


   Skills:
 + Level 2.1 Fighting
 + Level 2.2 Short Blades
 + Level 1.1 Armour
 + Level 4.9 Dodging
 + Level 1.6 Stealth
 + Level 1.6 Unarmed Combat
 + Level 9.8 Evocations


You had 4 spell levels left.
You didn't know any spells.
Your spell library was empty.

Dungeon Overview and Level Annotations

Branches:
Dungeon (1/1)

Altars:


Innate Abilities, Weirdness & Mutations

You are small and have problems with some larger weapons.
You are carnivorous and can eat meat at any time.


Message History

Your Short Blades skill increases to level 2!
Your Armour skill increases to level 1!
Your Dodging skill increases to level 4!
Your Unarmed Combat skill increases to level 1!
Your Evocations skill gained 3 levels and is now at level 9!
You have reached level 4!
You have reached level 5!
You feel clever.
Your ogre looks more experienced.
Unknown command.
You start resting.
The ogre is no longer charmed.
The ogre hits you with a +0 giant club!
Ouch! That really hurt!
Evoke which item? (* to show all) (? for menu, Esc to quit)
Aiming: Throw Flame
Press: ? - help, Shift-Dir - straight line, f - ogre
Aim: an ogre, wielding a +0 giant club (severely wounded)
The puff of flame misses the ogre.
The ogre hits you with a +0 giant club!
Ouch! That really hurt!
You die...

########## ##
#<.#..'..#..+
#..'..#@O').#
#..#####+####
#.[# #..#
#..# #⌠⌠#
####


You could see an ogre.

Vanquished Creatures
  Ijyb (D)
1 creature vanquished.

Vanquished Creatures (collateral kills)
  Sigmund (D)
1 creature vanquished.

Grand Total: 2 creatures vanquished

Notes
Turn   | Place    | Note
-------+----------+-------------------------------------------
     0 | D        | silentkaos13 the Kobold Artificer began the quest for the
                  | Orb.
     0 | D        | Reached XP level 1. HP: 12/12 MP: 3/3
     1 | D        | Noticed Ijyb
    40 | D        | Killed Ijyb
    40 | D        | Reached skill level 6 in Evocations
    40 | D        | Reached XP level 2. HP: 4/16 MP: 4/6
    40 | D        | Reached XP level 3. HP: 5/20 MP: 4/7
   278 | D        | Noticed an ogre
   284 | D        | Noticed Sigmund
   293 | D        | Killed Sigmund
   293 | D        | Reached skill level 1 in Armour
   293 | D        | Reached skill level 1 in Unarmed Combat
   293 | D        | Reached skill level 9 in Evocations
   293 | D        | Reached XP level 4. HP: 26/26 MP: 7/10
   293 | D        | Reached XP level 5. HP: 30/30 MP: 8/12
   298 | D        | Slain by an ogre

Levels and vault maps discovered:
D:        dungeon_sprint_1 [red_sonja_temple_1, red_sonja_temple_small_1]

Skill      XL: |  1  2  3 |
---------------+----------+-----
Dodging        | 3 4 |  4.9
Evocations     | 6 9 |  9.8
Fighting       | 2 |  2.1
Short Blades   | 2 |  2.2
Armour         | 1 |  1.1
Unarmed Combat | 1 |  1.6
Stealth        | |  1.6

Action                   |  1- 3 |  4- 6 || total
-------------------------+-------+-------++-------
Melee: Unarmed           |    18 |       ||    18
       Short sword       |     9 |       ||     9
Evoke: Wand              |     8 |     1 ||     9
  Eat: Chunk             |     1 |       ||     1
Armor: Skin              |     2 |       ||     2
       Leather armour    |     2 |       ||     2
Dodge: Dodged            |    16 |       ||    16

Table legend:
 A = Non-vault XP
 B = Vault XP
 C = Vault XP percentage of total XP
 D = Non-vault monster count
 E = Vault monster count
 F = Vault count percentage of total count
                 A         B        C        D         E       F
            +---------+---------+-------+---------+---------+-------
      Total |       0 |     158 | 100.0 |       0 |       2 | 100.0
            +---------+---------+-------+---------+---------+-------
          D |       0 |     158 | 100.0 |       0 |       2 | 100.0
            +---------+---------+-------+---------+---------+-------
